 Dungeon Sprint DCSS version 0.30-a0-920-g7493c07aab (webtiles) character file.

Game seed: 10199770880734796668

42 testman the Ducker (level 3, -1/30 HPs)
             Began as a Demonspawn Gladiator on Mar 21, 2023.
             Slain by an iguana (9 damage)
             ... in the Dungeon (Sprint IX: "|||||||||||||||||||||||||||||").
             The game lasted 00:00:58 (64 turns).

testman the Ducker (Demonspawn Gladiator)             Turns: 64, Time: 00:00:58

Health: -1/30      AC:  6    Str: 16    XL:     3   Next: 33%
Magic:  4/7        EV: 13    Int:  9    God:
Gold:   0          SH:  0    Dex: 14    Spells: 8/8 levels left

rFire   . . .      SeeInvis .    a - +0 long sword
rCold   . . .      Faith    .    (no shield)
rNeg    . . .      Spirit   .    b - +0 leather armour
rPois   .          Reflect  .    c - +0 helmet
rElec   .          Rampage  .    (no cloak)
rCorr   .          NoTele   +    (no gloves)
Will    .....                    (no boots)
Stlth   +                        (no amulet)
HPRegen 0.25/turn                (no ring)
MPRegen 0.10/turn                (no ring)

@: no status effects
A: yellow scales 1, powered by death 1
a: no special abilities


You were in the Dungeon.
You visited 1 branch

Inventory:

Hand Weapons
 a - a +0 long sword (weapon)
Missiles
 d - 3 throwing nets (quivered)
 e - a javelin
Armour
 b - a +0 leather armour (worn)
 c - a +0 helmet (worn)
Scrolls
 k - a scroll of blinking
Potions
 f - a potion of curing
 g - a potion of heal wounds
 h - a potion of haste
 i - 2 potions of magic
 j - a potion of berserk rage


   Skills:
 + Level 4.2 Fighting
 - Level 2.6 Long Blades
 - Level 2.0 Throwing
 + Level 4.4 Dodging
 + Level 3.2 Spellcasting


You had 8 spell levels left.
You didn't know any spells.
Your spell library was empty.

Dungeon Overview and Level Annotations

Branches:
Dungeon (1/1)

Altars:


Innate Abilities, Weirdness & Mutations

You are partially covered in yellow scales. (AC +2)
You regenerate a little health from kills.


Message History

You closely miss the adder.
The adder is almost dead.
The adder bites you but does no damage.
The jelly jiggles.
You hit the adder but do no damage.
The adder is almost dead.
The adder closely misses you. x2
You slash the adder!
You kill the adder!
The iguana bites you!
Your Fighting skill increases to level 3!
Your Spellcasting skill increases to level 2!
You hit the iguana.
The iguana is lightly wounded.
The iguana misses you.
You hit the iguana but do no damage.
The iguana is lightly wounded.
The iguana bites you but does no damage.
You hit the iguana. Your punch misses the iguana.
The iguana is heavily wounded.
The iguana barely misses you.
You hit the iguana. Your punch misses the iguana.
The iguana is almost dead.
The iguana barely misses you. The iguana bites you.
You hit the iguana but do no damage.
The iguana is almost dead.
The iguana bites you!
* * * LOW HITPOINT WARNING * * *
You slash the iguana!
You kill the iguana!
Your Fighting skill increases to level 4!
Your Dodging skill increases to level 4!
Your Spellcasting skill increases to level 3!
You have reached level 3!
Your experience leads to an increase in your attributes!
Increase (S)trength, (I)ntelligence, or (D)exterity?
You feel stronger. x2; Your demonic ancestry asserts itself...
A wave of death washes over you.
You barely miss the iguana. The iguana barely misses you. The iguana bites you!
You die...

▓.▓
▓.▓
▓.▓
▓)▓
▓.▓
▓.▓
▓.▓
▓.▓
▓@▓
▓l▓
▓J▓
▓O▓
▓.▓
▓.▓
▓.▓
▓+▓


You could see an ogre, an iguana and a jelly.

Vanquished Creatures
  An iguana (D)
  An adder (D)
  A dart slug (D)
  2 hobgoblins (D)
  2 kobolds (D)
7 creatures vanquished.

Notes
Turn   | Place    | Note
-------+----------+-------------------------------------------
     0 | D        | testman the Demonspawn Gladiator began the quest for the
                  | Orb.
     0 | D        | Reached XP level 1. HP: 16/16 MP: 1/1
     6 | D        | Reached skill level 1 in Spellcasting
    22 | D        | Gained mutation: You are partially covered in yellow
                  | scales. (AC +2) [demonic ancestry]
    22 | D        | Reached XP level 2. HP: 16/23 MP: 2/4
    52 | D        | Noticed an ogre
    64 | D        | Gained mutation: You regenerate a little health from kills.
                  | [demonic ancestry]
    64 | D        | Reached XP level 3. HP: 7/30 MP: 4/7
    64 | D        | Slain by an iguana

Illustrated notes

Levels and vault maps discovered:
D:        linesprint [early_d, line_temple, items_1, d_10, items_2, lair_1,
          lair_end, items_3, orc_1, orc_end, items_4, d_15, swamp_1, shoals_1,
          snake_1, spider_1, d_20, vaults_1, items_5, swamp_end, shoals_end,
          snake_end, spider_end, vaults_end, d_27, items_6, zot_1, zot_end,
          crypt_end, forest_end, elf_end, slime_end, tomb_end, abyss_end,
          pan_hell_end]

Skill      XL: |  1  2 |
---------------+-------+-----
Throwing       | 2 |  2.0
Dodging        | 3 4 |  4.4
Spellcasting   | 1 3 |  3.2
Fighting       | 4 |  4.2
Long Blades    | |  2.6

Action                     || total
---------------------------++-------
  Melee: Long sword        ||    30
 Armour: Leather armour    ||     6
  Dodge: Dodged            ||    18

Table legend: (Time is in decaauts)
 A = Elapsed time spent in this place.
 B = Non-inter-level travel time spent in this place.
 C = Inter-level travel time spent in this place.
 D = Time resting spent in this place.
 E = Time spent auto-exploring this place.
 F = Levels seen in this place.
 G = Mean time per level.
                   A        B        C        D        E       F      G
               +--------+--------+--------+--------+--------+-----+--------+
         Total |     71 |     71 |      0 |     24 |      0 |   1 |   71.0 |
       Dungeon |     71 |     71 |      0 |     24 |      0 |   1 |   71.0 |
               +--------+--------+--------+--------+--------+-----+--------+

Top non-repeatable levels by time:
       D: 71 daAuts
